SAA
MINNESOTA LOONS @ TACOMA FUR TRADERS
08/28/2027
 
TOP OF THE 1ST
Minnesota Loons batting - Pitching for Tacoma Fur Traders : RHP Luis Castrejón
Pitching: RHP Luis Castrejón
Batting: LHB Alfredo Arévalo 0-0: Ball
1-0: Called Strike
1-1: Fly out, F7 (Line Drive, 78M)
Batting: RHB Juan Martínez 0-0: Ball
1-0: Ball
2-0: Called Strike
2-1: Foul Ball, location: 2F
2-2: Ball
3-2: Ground out U3 (Groundball, 34)
Batting: SHB Lowell Moon 0-0: Ball
1-0: Foul Ball, location: 2F
1-1: Ball
2-1: Foul Ball, location: 2F
2-2: Foul Ball, location: 2F
2-2: Fly out, F9 (Flyball, 9S)
Top of the 1st over - 0 run(s), 0 hit(s), 0 error(s), 0 left on base; Minnesota 0 - Tacoma 0
BOTTOM OF THE 1ST
Tacoma Fur Traders batting - Pitching for Minnesota Loons : RHP Anatoly Ivanovich
Pitching: RHP Anatoly Ivanovich
Batting: RHB Andy Moore 0-0: Ball
1-0: Ground out 5-3 (Groundball, 25)
Batting: RHB Luis Flores 0-0: Foul Ball, location: 2F
0-1: Ball
1-1: Ball
2-1: Swinging Strike
2-2: Foul Ball, location: 2F
2-2: Ball
3-2: Ground out 4-3 (Groundball, 4)
Batting: RHB Gustavo González 0-0: Ball
1-0: Ball
2-0: Ball
3-0: Called Strike
3-1: Called Strike
3-2: SINGLE (Line Drive, 9LM)
Batting: RHB Nate Cates 0-0: Called Strike
0-1: Ball
1-1: Swinging Strike
1-2: Ball
2-2: Strikes out looking
Bottom of the 1st over - 0 run(s), 1 hit(s), 0 error(s), 1 left on base; Minnesota 0 - Tacoma 0
TOP OF THE 2ND
Minnesota Loons batting - Pitching for Tacoma Fur Traders : RHP Luis Castrejón
Batting: RHB Salvador Esparza 0-0: SINGLE (Groundball, 56D)
Batting: LHB Juan Aranda 0-0: Called Strike
Salvador Esparza steals 2nd base
0-1: Ball
1-1: Swinging Strike
1-2: Foul Ball, location: 2F
1-2: Ball
2-2: Strikes out looking
Batting: RHB Isuru Tanaka 0-0: Called Strike
0-1: Called Strike
0-2: Strikes out swinging
Batting: RHB Jing-sheng Joo 0-0: SINGLE (Flyball, 9S)
Salvador Esparza to third
Runner from 3rd tries for Home, SAFE, no throw
Batting: RHB Jorge Arreola 0-0: Ball
1-0: Ball
2-0: Ball
3-0: Called Strike
3-1: Swinging Strike
3-2: Foul Ball, location: 2F
3-2: Base on Balls
Jing-sheng Joo to second
Batting: RHB Randolph Descoteaux 0-0: Ball
1-0: Ball
2-0: Called Strike
2-1: 3-RUN HOME RUN (Flyball, 7D), Distance : 431 ft
Batting: LHB Alfredo Arévalo 0-0: Ground out U3 (Groundball, 34)
Top of the 2nd over - 4 run(s), 3 hit(s), 0 error(s), 0 left on base; Minnesota 4 - Tacoma 0
BOTTOM OF THE 2ND
Tacoma Fur Traders batting - Pitching for Minnesota Loons : RHP Anatoly Ivanovich
Batting: LHB Dave Knight 0-0: Hit by Pitch
Batting: LHB Michael Whorton 0-0: Swinging Strike
0-1: Swinging Strike
0-2: Foul Ball, location: 2F
0-2: Strikes out swinging
Batting: RHB Tim Lehman 0-0: Called Strike
0-1: Foul Ball, location: 2F
0-2: Ball
1-2: Ball
2-2: Ball
3-2: Foul Ball, location: 2F
3-2: Foul Ball, location: 2F
3-2: Ground out 4-3 (Groundball, 4)
Dave Knight to second
Batting: RHB Miguel Silva 0-0: Ball
1-0: Foul Ball, location: 2F
1-1: Ground out 6-3 (Groundball, 6S)
Bottom of the 2nd over - 0 run(s), 0 hit(s), 0 error(s), 1 left on base; Minnesota 4 - Tacoma 0
TOP OF THE 3RD
Minnesota Loons batting - Pitching for Tacoma Fur Traders : RHP Luis Castrejón
Batting: RHB Juan Martínez 0-0: Called Strike
0-1: Ball
1-1: Swinging Strike
1-2: Strikes out swinging
Batting: SHB Lowell Moon 0-0: Called Strike
0-1: Ball
1-1: Ball
2-1: Ball
3-1: Swinging Strike
3-2: Strikes out swinging
Batting: RHB Salvador Esparza 0-0: Ground out 4-3 (Groundball, 4)
Top of the 3rd over - 0 run(s), 0 hit(s), 0 error(s), 0 left on base; Minnesota 4 - Tacoma 0
BOTTOM OF THE 3RD
Tacoma Fur Traders batting - Pitching for Minnesota Loons : RHP Anatoly Ivanovich
Batting: RHB Carlos Correa 0-0: Foul Ball, location: 2F
0-1: Ground out 4-3 (Groundball, 4)
Batting: RHB Andy Moore 0-0: Ball
1-0: Ball
2-0: Swinging Strike
2-1: Ball
3-1: Base on Balls
Batting: RHB Luis Flores 0-0: Called Strike
0-1: Ball
1-1: Ball
2-1: Grounds into double play, 4-6-3 (Groundball, 4)
Bottom of the 3rd over - 0 run(s), 0 hit(s), 0 error(s), 0 left on base; Minnesota 4 - Tacoma 0
TOP OF THE 4TH
Minnesota Loons batting - Pitching for Tacoma Fur Traders : RHP Luis Castrejón
Batting: LHB Juan Aranda 0-0: Ball
1-0: Foul Ball, location: 2F
1-1: Foul Ball, location: 2F
1-2: Ball
2-2: Ball
3-2: Ground out 1-3 (Groundball, 13)
Batting: RHB Isuru Tanaka 0-0: Ball
1-0: Called Strike
1-1: Ball
2-1: Fly out, F7 (Line Drive, 7D)
Batting: RHB Jing-sheng Joo 0-0: Ball
1-0: Foul Ball, location: 2F
1-1: Ball
2-1: Foul Ball, location: 2F
2-2: Ball
3-2: Foul Ball, location: 2F
3-2: Base on Balls
Batting: RHB Jorge Arreola 0-0: Called Strike
0-1: Swinging Strike
0-2: Strikes out swinging
Top of the 4th over - 0 run(s), 0 hit(s), 0 error(s), 1 left on base; Minnesota 4 - Tacoma 0
BOTTOM OF THE 4TH
Tacoma Fur Traders batting - Pitching for Minnesota Loons : RHP Anatoly Ivanovich
Batting: RHB Gustavo González 0-0: Ball
1-0: Ball
2-0: Ground out 5-3 (Groundball, 5S)
Batting: RHB Nate Cates 0-0: Ball
1-0: Ball
2-0: Ball
3-0: Called Strike
3-1: Base on Balls
Batting: LHB Dave Knight 0-0: Swinging Strike
0-1: Ball
1-1: Ball
2-1: Called Strike
2-2: Ground out 6-3 (Groundball, 6S)
Nate Cates to second
Batting: LHB Michael Whorton 0-0: Foul Ball, location: 2F
0-1: Ball
1-1: Ball
2-1: Ball
3-1: Base on Balls
Batting: RHB Tim Lehman 0-0: Ball
1-0: SINGLE (Groundball, 25) (infield hit)
Nate Cates to third
Michael Whorton to second
Batting: RHB Miguel Silva 0-0: Called Strike
0-1: Foul Ball, location: 2F
0-2: Ball
1-2: Strikes out swinging
Bottom of the 4th over - 0 run(s), 1 hit(s), 0 error(s), 3 left on base; Minnesota 4 - Tacoma 0
TOP OF THE 5TH
Minnesota Loons batting - Pitching for Tacoma Fur Traders : RHP Luis Castrejón
Batting: RHB Randolph Descoteaux 0-0: Ball
1-0: Ball
2-0: Ball
3-0: Called Strike
3-1: Base on Balls
Batting: LHB Alfredo Arévalo 0-0: Called Strike
0-1: Swinging Strike
0-2: Ball
1-2: Strikes out swinging
Batting: RHB Juan Martínez 0-0: Ball
1-0: Swinging Strike
1-1: Ball
2-1: Foul Ball, location: 2F
2-2: Grounds into double play, 5-4-3 (Groundball, 56)
Top of the 5th over - 0 run(s), 0 hit(s), 0 error(s), 0 left on base; Minnesota 4 - Tacoma 0
BOTTOM OF THE 5TH
Tacoma Fur Traders batting - Pitching for Minnesota Loons : RHP Anatoly Ivanovich
Batting: RHB Carlos Correa 0-0: Called Strike
0-1: Called Strike
0-2: Ball
1-2: Foul Ball, location: 2F
1-2: Ball
2-2: Ball
3-2: Base on Balls
Batting: RHB Andy Moore 0-0: Called Strike
0-1: Reached on error, E6 (Groundball, 6)
Carlos Correa to second
Batting: RHB Luis Flores 0-0: Bunt - Flyout! F2
Batting: RHB Gustavo González 0-0: Ball
1-0: Called Strike
1-1: Ball
2-1: Foul Ball, location: 2F
2-2: Foul Ball, location: 2F
2-2: Ball
3-2: Base on Balls
Carlos Correa to third
Andy Moore to second
Batting: RHB Nate Cates 0-0: Ball
1-0: Ball
2-0: Grounds into double play, 6-4-3 (Groundball, 6)
Bottom of the 5th over - 0 run(s), 0 hit(s), 1 error(s), 2 left on base; Minnesota 4 - Tacoma 0
TOP OF THE 6TH
Minnesota Loons batting - Pitching for Tacoma Fur Traders : RHP Luis Castrejón
Batting: SHB Lowell Moon 0-0: Ball
1-0: Ground out 4-3 (Groundball, 34D)
Batting: RHB Salvador Esparza 0-0: Ball
1-0: Ground out 5-3 (Groundball, 56S)
Batting: LHB Juan Aranda 0-0: Called Strike
0-1: Ball
1-1: Ball
2-1: Foul Ball, location: 2F
2-2: Ground out 4-3 (Groundball, 4)
Top of the 6th over - 0 run(s), 0 hit(s), 0 error(s), 0 left on base; Minnesota 4 - Tacoma 0
BOTTOM OF THE 6TH
Tacoma Fur Traders batting - Pitching for Minnesota Loons : RHP Anatoly Ivanovich
Batting: LHB Dave Knight 0-0: Called Strike
0-1: Ground out U3 (Groundball, 3)
Batting: LHB Michael Whorton 0-0: Called Strike
0-1: Ball
1-1: Swinging Strike
1-2: Ball
2-2: SINGLE (Groundball, 6MD)
Batting: RHB Tim Lehman 0-0: Called Strike
0-1: Called Strike
0-2: SINGLE (Line Drive, 34D)
Michael Whorton to second
Pitching: RHP Bartolo Ruíz
Batting: RHB Miguel Silva 0-0: Ball
1-0: Foul Ball, location: 2F
1-1: Called Strike
1-2: Foul Ball, location: 2F
1-2: Strikes out swinging
Batting: RHB Carlos Correa 0-0: Called Strike
0-1: Called Strike
0-2: Ball
1-2: Foul Ball, location: 2F
1-2: Ball
2-2: SINGLE (Flyball, 9LS)
Michael Whorton to third
Tim Lehman to second
Runner from 3rd tries for Home, SAFE, no throw
Batting: RHB Andy Moore 0-0: Called Strike
0-1: Ball
1-1: Called Strike
1-2: Ball
2-2: Foul Ball, location: 2F
2-2: Fielders Choice at 2nd, 6-4 (Groundball, 6)
Bottom of the 6th over - 1 run(s), 3 hit(s), 0 error(s), 1 left on base; Minnesota 4 - Tacoma 1
TOP OF THE 7TH
Minnesota Loons batting - Pitching for Tacoma Fur Traders : RHP Luis Castrejón
Batting: RHB Isuru Tanaka 0-0: Ball
1-0: SINGLE (Popup, 6MD)
Batting: RHB Jing-sheng Joo 0-0: Bunt missed!
0-1: Sac Bunt - play at second, runner OUT! 1-6
Batting: RHB Jorge Arreola 0-0: Foul Ball, location: 2F
0-1: Called Strike
0-2: Ball
1-2: Grounds into double play, 4-6-3 (Groundball, 4)
Top of the 7th over - 0 run(s), 1 hit(s), 0 error(s), 0 left on base; Minnesota 4 - Tacoma 1
BOTTOM OF THE 7TH
Tacoma Fur Traders batting - Pitching for Minnesota Loons : RHP Bartolo Ruíz
Batting: RHB Luis Flores 0-0: Foul Ball, location: 2F
0-1: Ball
1-1: Foul Ball, location: 2F
1-2: Ball
2-2: Ball
3-2: Ground out 6-3 (Groundball, 6M)
Batting: RHB Gustavo González 0-0: Swinging Strike
0-1: Foul Ball, location: 2F
0-2: Ball
1-2: Ball
2-2: SINGLE (Flyball, 9S)
Batting: RHB Nate Cates 0-0: Called Strike
0-1: 2-RUN HOME RUN (Flyball, 7D), Distance : 408 ft
Batting: LHB Dave Knight 0-0: Fly out, F9 (Flyball, 9S)
Batting: LHB Michael Whorton 0-0: Called Strike
0-1: Swinging Strike
0-2: Ball
1-2: Foul Ball, location: 2F
1-2: Ball
2-2: Ball
3-2: Foul Ball, location: 2F
3-2: Base on Balls
Pinch Hitting: RHB Britt Lynch 0-0: Ball
Michael Whorton is caught stealing 2nd base
Bottom of the 7th over - 2 run(s), 2 hit(s), 0 error(s), 0 left on base; Minnesota 4 - Tacoma 3
TOP OF THE 8TH
Minnesota Loons batting - Pitching for Tacoma Fur Traders : RHP Luis Castrejón
Now in CF: Jim Unknown
Batting: RHB Randolph Descoteaux 0-0: Ball
1-0: Ball
2-0: Foul Ball, location: 2F
2-1: DOUBLE (Line Drive, 7LM)
Batting: LHB Alfredo Arévalo 0-0: Intentional Walk
Pitching: RHP Curt Walker
Batting: RHB Juan Martínez 0-0: Bunt missed!
0-1: Sac Bunt - play at first, batter OUT! 1-4
Randolph Descoteaux to third
Alfredo Arévalo to second
Batting: SHB Lowell Moon 0-0: Ball
1-0: Ball
2-0: SINGLE (Line Drive, 4MD)
Randolph Descoteaux scores
Alfredo Arévalo to third
Batting: RHB Salvador Esparza 0-0: Foul Ball, location: 2F
0-1: Called Strike
0-2: Ball
1-2: Foul Ball, location: 2F
1-2: Strikes out swinging
Batting: LHB Juan Aranda 0-0: Ball
1-0: Called Strike
1-1: Ball
2-1: Fielders Choice at 2nd, U4 (Groundball, 4M)
Top of the 8th over - 1 run(s), 2 hit(s), 0 error(s), 2 left on base; Minnesota 5 - Tacoma 3
BOTTOM OF THE 8TH
Tacoma Fur Traders batting - Pitching for Minnesota Loons : RHP Bartolo Ruíz
Batting: LHB Jim Unknown 0-0: Swinging Strike
0-1: Called Strike
0-2: Ball
1-2: Ball
2-2: Foul Ball, location: 2F
2-2: Foul Ball, location: 2F
2-2: Strikes out swinging
Batting: RHB Miguel Silva 0-0: Called Strike
0-1: Called Strike
0-2: Strikes out swinging
Batting: RHB Carlos Correa 0-0: Ground out 5-3 (Groundball, 56)
Bottom of the 8th over - 0 run(s), 0 hit(s), 0 error(s), 0 left on base; Minnesota 5 - Tacoma 3
TOP OF THE 9TH
Minnesota Loons batting - Pitching for Tacoma Fur Traders : RHP Curt Walker
Batting: RHB Isuru Tanaka 0-0: Called Strike
0-1: Fly out, F8 (Flyball, 8LXD)
Batting: RHB Jing-sheng Joo 0-0: Called Strike
0-1: Foul Ball, location: 2F
0-2: Foul Ball, location: 2F
0-2: Strikes out swinging
Batting: RHB Jorge Arreola 0-0: Called Strike
0-1: Ball
1-1: Ball
2-1: Fly out, F7 (Flyball, 78S)
Top of the 9th over - 0 run(s), 0 hit(s), 0 error(s), 0 left on base; Minnesota 5 - Tacoma 3
BOTTOM OF THE 9TH
Tacoma Fur Traders batting - Pitching for Minnesota Loons : RHP Bartolo Ruíz
Pitching: RHP Juan Deliz
Batting: RHB Andy Moore 0-0: Ball
1-0: DOUBLE (Flyball, 9LM)
Pinch Hitting: RHB Trevor O'Herlihy 0-0: Ball
1-0: Foul Ball, location: 2F
1-1: Swinging Strike
1-2: Ball
2-2: 2-RUN HOME RUN (Flyball, 7D), Distance : 403 ft
Batting: RHB Gustavo González 0-0: Foul Ball, location: 2F
0-1: Ball
1-1: Foul Ball, location: 2F
1-2: Ball
2-2: Strikes out looking
Batting: RHB Nate Cates 0-0: Ball
1-0: Called Strike
1-1: Foul Ball, location: 2F
1-2: Ball
2-2: Ball
3-2: Base on Balls
Batting: LHB Dave Knight 0-0: Fly out, F8 (Line Drive, 8LD)
Batting: LHB Michael Whorton 0-0: Ball
1-0: Called Strike
1-1: Swinging Strike
1-2: Ball
2-2: Foul Ball, location: 2F
2-2: Ball
3-2: Base on Balls
Nate Cates to second
Batting: LHB Jim Unknown 0-0: Ball
1-0: Ground out 6-3 (Groundball, 56)
Bottom of the 9th over - 2 run(s), 2 hit(s), 0 error(s), 2 left on base; Minnesota 5 - Tacoma 5
TOP OF THE 10TH
Minnesota Loons batting - Pitching for Tacoma Fur Traders : RHP Curt Walker
Pitching: RHP Jeff Pearce
Now at SS: Nick Boyd
Pinch Hitting: LHB Miguel Zúńiga 0-0: Ball
1-0: Swinging Strike
1-1: Foul Ball, location: 2F
1-2: Ball
2-2: Ball
3-2: Strikes out swinging
Batting: LHB Alfredo Arévalo 0-0: Ball
1-0: Called Strike
1-1: Foul Ball, location: 2F
1-2: Strikes out swinging
Batting: RHB Juan Martínez 0-0: Ball
1-0: Ground out 1-3 (Groundball, 13)
Top of the 10th over - 0 run(s), 0 hit(s), 0 error(s), 0 left on base; Minnesota 5 - Tacoma 5
BOTTOM OF THE 10TH
Tacoma Fur Traders batting - Pitching for Minnesota Loons : RHP Juan Deliz
Now at C: Miguel Zúńiga
Batting: RHB Miguel Silva 0-0: Ball
1-0: Foul Ball, location: 2F
1-1: Foul Ball, location: 2F
1-2: Ball
2-2: Foul Ball, location: 2F
2-2: SINGLE (Groundball, 6MD)
Batting: RHB Carlos Correa 0-0: Sac Bunt - play at first, batter OUT! U3
Miguel Silva to second
Batting: RHB Andy Moore 0-0: Ball
1-0: Ball
2-0: Foul Ball, location: 2F
2-1: Ball
3-1: Base on Balls
Batting: RHB Nick Boyd 0-0: Foul Ball, location: 2F
0-1: Called Strike
0-2: Ball
1-2: Foul Ball, location: 2F
1-2: Ground out 5-3 (Groundball, 56)
Miguel Silva to third
Andy Moore to second
Batting: RHB Gustavo González 0-0: Ball
1-0: Swinging Strike
1-1: Ball
2-1: SINGLE (Groundball, 56D)
Miguel Silva scores
Saturday, May 26th, 2018 - OOTP Baseball 17.12 Build 75